 Dungeon Crawl Stone Soup version 0.31-a0-267-g3fc6992b3b (webtiles) character file.

Game seed: 220644220781396091

30 qw the Shooter (level 3, -2/29 HPs)
             Began as a Minotaur Hexslinger on July 14, 2023.
             Slain by a cerulean imp
             ... wielding a +0 spear
             ... summoned by Natasha
              (4 damage)
             ... on level 2 of the Dungeon.
             The game lasted 00:00:19 (873 turns).

qw the Shooter (Minotaur Hexslinger)                 Turns: 873, Time: 00:00:20

Health: -2/29      AC:  4    Str: 12    XL:     3   Next: 5%
Magic:  3/3        EV: 12    Int: 10    God:
Gold:   71         SH:  0    Dex: 14    Spells: 3/4 levels left

rFire   . . .        Y - +1 sling
rCold   . . .        (no shield)
rNeg    . . .        d - +0 leather armour
rPois   .            (helmet restricted)
rElec   .            (no cloak)
rCorr   .            (no gloves)
SInv    .            h - +0 pair of boots
Will    .....        (no amulet)
Stlth   +            (no ring)
HPRegen 0.24/turn    (no ring)
MPRegen 0.08/turn

%: no passive effects
@: no status effects
A: horns 2, retaliatory headbutt
a: no special abilities


You were on level 2 of the Dungeon.
You visited 1 branch of the dungeon, and saw 2 of its levels.

You collected 71 gold pieces.


Innate Abilities, Weirdness & Mutations

You have a pair of horns on your head.
You reflexively headbutt those who attack you in melee.


   Skills:
 - Level 2.0 Fighting
 + Level 3.6 Ranged Weapons
 - Level 2.1 Dodging
 - Level 1.0 Spellcasting
 - Level 2.0 Hexes


You had 3 spell levels left.
You knew the following spells:

 Your Spells              Type           Power      Damage    Failure   Level
a - Slow                  Hex            16%        N/A       19%         1

Your spell library contained the following spells:

 Spells                   Type           Power      Damage    Failure   Level
 Inner Flame              Hex/Fire       2%         N/A       65%         3
 Portal Projectile        Hex/Tloc       4%         N/A       65%         3
 Cause Fear               Hex            2%         N/A       88%         4

Inventory:

Hand Weapons
 Y - a +1 sling (weapon)
Armour
 d - a +0 leather armour (worn)
 h - a +0 pair of boots (worn)
Scrolls
 a - a scroll of identify {unknown}
Potions
 i - a potion of haste {unknown}

Dungeon Overview and Level Annotations

Branches:
Dungeon (2/15)

Altars:

Annotations:
D:2 Natasha, Robin


Message History

Robin closely misses you.
Robin hits you from afar with a +0 trident.
A hobgoblin comes into view. It is wielding a +0 dagger.
You shoot a sling bullet. The sling bullet hits Robin.
Robin is heavily wounded.
Natasha, Servant of Life and Death comes into view.
Robin closely misses you.
You shoot a sling bullet. The sling bullet closely misses Robin.
Robin closely misses you.
You shoot a sling bullet. The sling bullet hits Robin.
Robin is severely wounded.
A goblin comes into view. It is wielding a +0 club.
Natasha mumbles some strange words.
Robin roars a battlecry!
The goblins go into a battle-frenzy!
You hear a shout! x2
You shoot a sling bullet.
The sling bullet closely misses the goblin.
The goblin shouts!
The sling bullet hits the hobgoblin but does no damage.
The goblin hits you with a +0 club.
Robin hits you from afar with a +0 trident.
The cerulean imp hits you but does no damage.
Natasha casts a spell.
Robin closely misses you.
A goblin comes into view. It is wielding a +0 club.
The goblin closely misses you.
You shoot a sling bullet.
The sling bullet barely misses the goblin.
The sling bullet closely misses the goblin.
The cerulean imp hits you from afar with a +1 spear.
The goblin hits you with a +0 club. Robin throws the goblin at you!
The cerulean imp completely misses you.
You shoot a sling bullet.
The sling bullet closely misses the goblin.
The cerulean imp hits you from afar with a +1 spear.
The hobgoblin closely misses you. The goblin hits you with a +0 club.
Robin roars a battlecry!
The goblins go into a battle-frenzy!
The cerulean imp hits you from afar with a +0 spear.
You die...

##.....##....#
#..#.<..#..#.#########
#..[....#..#.........#
#.<._.#....#.........#
#.......#..#.........#
#..#.<..#..#..)......#
##.....##.##.........#
...#####..##....[g...#
.........###.).g@....#
.......### #.).g.....#
....#.## #...5g5...#
....#.# #.g..h....#
....#.# #.###.#####
......# #. #)# ......#
#. ..# ###....[# ### #
#...#.#


You could see Robin, Natasha, 2 cerulean imps, a hobgoblin (strong) and 3
goblins.

Vanquished Creatures
  A dart slug (D:1)
  An endoplasm (D:1)
  A giant cockroach (D:1)
  7 goblins
  2 hobgoblins
  2 kobolds (D:1)
  3 quokkas (D:1)
  3 ball pythons
  A bat (D:1)
  A frilled lizard (D:1)
  2 rats (D:1)
24 creatures vanquished.

Notes
Turn   | Place    | Note
-------+----------+-------------------------------------------
     0 | D:1      | qw the Minotaur Hexslinger began the quest for the Orb.
     0 | D:1      | Reached XP level 1. HP: 16/16 MP: 1/1
     0 | D:1      | 0 ||| qw: Version: 0.3-a-52-g30416fa
     0 | D:1      | 0 ||| qw: Game counter: 7871
     0 | D:1      | 0 ||| qw: Melee chars always use a shield: true
     0 | D:1      | 0 ||| qw: God list: Okawaru
     0 | D:1      | 0 ||| qw: Allow faded altars: false
     0 | D:1      | 0 ||| qw: Do Orc after clearing Dungeon:15 true
     0 | D:1      | 0 ||| qw: Do second Lair branch before Depths: true
     0 | D:1      | 0 ||| qw: Lair rune preference: random
     0 | D:1      | 0 ||| qw: Goals: Normal
     0 | D:1      | 0 ||| PLANNING D:1-11
   142 | D:1      | Reached skill level 3 in Ranged Weapons
   142 | D:1      | Reached XP level 2. HP: 23/23 MP: 2/2
   355 | D:1      | HP: 5/24 [quokka (3)]
   678 | D:1      | 678 ||| UPGRADING to +0 leather armour.
   688 | D:1      | 688 ||| DROPPING +0 robe.
   689 | D:1      | 689 ||| UPGRADING to +0 pair of boots.
   694 | D:1      | 694 ||| READING scroll labelled PUOKAA ZUPHORE.
   695 | D:1      | 695 ||| READING scroll labelled NALYMA MENOA.
   700 | D:1      | 700 ||| READING scroll labelled HAGGOS UNOI.
   744 | D:1      | 744 ||| READING scroll labelled UHUNUYGESK.
   745 | D:1      | 745 ||| DROPPING scroll of poison.
   765 | D:2      | Found a faded altar of an unknown god.
   859 | D:2      | Reached XP level 3. HP: 29/29 MP: 3/3
   863 | D:2      | Noticed Robin
   868 | D:2      | Noticed Natasha
   873 | D:2      | HP: 2/29 [goblin/+0 club[Robin] (6)]
   873 | D:2      | Slain by a cerulean imp

Levels and vault maps discovered:
D:1:      tarquinn_simple_flora_water_f, layout_basic, minmay_unequal
D:2:      layout_rooms, nicolae_ecumenical_pavilion, solitary_fountain,
          uniq_terence, uniq_robin, uniq_natasha

Skill      XL: |  1  2 |
---------------+-------+-----
Ranged Weapons | 3 |  3.6
Fighting       | 2 |  2.0
Dodging        | |  2.1
Spellcasting   | |  1.0
Hexes          | |  2.0

Action                     || total
---------------------------++-------
   Fire: Sling             ||    78
    Use: Scroll            ||     4
 Armour: Robe              ||     3
         Leather armour    ||     1
  Dodge: Dodged            ||    27

Table legend:
 A = Non-vault XP
 B = Vault XP
 C = Vault XP percentage of total XP
 D = Non-vault monster count
 E = Vault monster count
 F = Vault count percentage of total count
                 A         B        C        D         E       F
            +---------+---------+-------+---------+---------+-------
      Total |      29 |      15 |  34.1 |      16 |       8 |  33.3
            +---------+---------+-------+---------+---------+-------
        D:1 |      27 |       6 |  18.2 |      15 |       3 |  16.7
        D:2 |       2 |       9 |  81.8 |       1 |       5 |  83.3
            +---------+---------+-------+---------+---------+-------
